 Dungeon Crawl Stone Soup version 0.28.0 (webtiles) character file.

Game seed: 18026967466925378464

292 blackman the Chopper (level 6, -8/51 HPs)
             Began as a Minotaur Fighter on Feb 6, 2022.
             Mangled by an ogre (18 damage)
             ... on level 4 of the Dungeon.
             The game lasted 00:02:19 (2408 turns).

blackman the Chopper (Minotaur Fighter)             Turns: 2408, Time: 00:02:20

Health: -8/51      AC:  6    Str: 22    XL:     6   Next: 10%
Magic:  5/5        EV:  9    Int:  5    God:
Gold:   176        SH:  4    Dex: 10    Spells: 5/5 levels left

rFire   . . .      SeeInvis .   a - +0 war axe
rCold   . . .      Faith    .   c - +0 buckler
rNeg    . . .      Spirit   .   b - +0 scale mail
rPois   .          Reflect  .   (helmet restricted)
rElec   .          Harm     .   (no cloak)
rCorr   .          Rampage  .   (no gloves)
Will    .....                   (no boots)
Stlth   ..........              (no amulet)
HPRegen 0.17/turn               (no ring)
MPRegen 0.09/turn               (no ring)

@: mighty
A: horns 2, retaliatory headbutt
a: no special abilities


You were on level 4 of the Dungeon.
You visited 1 branch of the dungeon, and saw 4 of its levels.

You collected 176 gold pieces.

Inventory:

Hand Weapons
 a - a +0 war axe (weapon)
Missiles
 e - a throwing net (quivered)
Armour
 b - a +0 scale mail (worn)
 c - a +0 buckler (worn)
Jewellery
 o - an amulet of the acrobat
Wands
 l - a wand of iceblast (10)
Scrolls
 h - 2 scrolls of identify {unknown}
 j - 3 scrolls of teleportation {unknown}
 k - a scroll of holy word {unknown}
 m - a scroll of immolation {unknown}
 n - a scroll of fog {unknown}
 p - a scroll of fear {unknown}
Potions
 f - 2 potions of heal wounds
 g - a potion of flight {unknown}
 i - 2 potions of curing {unknown}


   Skills:
 - Level 3.6 Fighting
 + Level 7.8 Axes
 - Level 3.6 Armour
 - Level 3.6 Shields


You had 5 spell levels left.
You didn't know any spells.
Your spell library contained the following spells:

 Spells                   Type           Power      Damage    Failure   Level
 Freeze                   Ice            0%         1d3       88%         1
 Frozen Ramparts          Ice            0%         1d2       99%         3
 Hailstorm                Conj/Ice       0%         3d3       100%        4


Dungeon Overview and Level Annotations

Branches:
Dungeon (4/15)
 Temple: D:4-7

Altars:
Vehumet


Innate Abilities, Weirdness & Mutations

You have a pair of horns on your head.
You reflexively headbutt those who attack you in melee.


Message History

The ogre shouts!
A quokka comes into view.
The ball python bites you but does no damage.
The ball python grabs you. The ball python constricts you.
You barely miss the ball python.
The ball python bites you but does no damage.
The ball python constricts you.
You hit the ball python.
You kill the ball python!
You block the quokka's attack.
The quokka bites you but does no damage.
You slash the ogre!
The ogre is heavily wounded.
You hit the quokka. The ogre hits you with a +0 giant club!
The quokka twitches its whiskers.
The quokka closely misses you. You furiously retaliate!
You headbutt the quokka, but do no damage.
You hit the quokka but do no damage.
The quokka is severely wounded.
You barely miss the ogre. The quokka bites you. You block the ogre's attack.
You miss the quokka. You headbutt the quokka.
You kill the quokka!
You hit the ogre but do no damage.
The ogre hits you with a +0 giant club!!
Ouch! That really hurt!
* * * LOW HITPOINT WARNING * * *
You are too injured to fight recklessly!
You are too injured to fight recklessly!
You are too injured to fight recklessly!
It was a potion of heal wounds.
You feel much better. The ogre hits you with a +0 giant club!
* * * LOW HITPOINT WARNING * * *
You feel very mighty all of a sudden.
You slash the ogre!
The ogre is severely wounded.
You block the ogre's attack.
You barely miss the ogre.
The ogre is severely wounded.
The ogre hits you with a +0 giant club!!
You die...

#### #.. . ####.#
.>####....#######
.................
#.......†#######
#.##.<..........
#..###.###.###
..... ##..##@####
....)##
#....†O...# ..##.
#.........# # #
#...<.....#
#..........#
#............
............###
##(..........#
#............#


You could see an ogre.

Vanquished Creatures
  Sigmund (D:2)
  A centaur skeleton (D:3)
  A gnoll (D:1)
  4 adders
  A dart slug (D:3)
  4 ball pythons
  2 endoplasms
  8 giant cockroaches
  5 goblins
  10 hobgoblins
  3 jackals (D:1)
  3 kobolds
  2 quokkas
  7 bats
  3 frilled lizards
  2 rats
57 creatures vanquished.

Notes
Turn   | Place    | Note
-------+----------+-------------------------------------------
     0 | D:1      | blackman the Minotaur Fighter began the quest for the Orb.
     0 | D:1      | Reached XP level 1. HP: 19/19 MP: 0/0
   144 | D:1      | Reached skill level 3 in Axes
   259 | D:1      | Reached XP level 2. HP: 26/26 MP: 1/1
   384 | D:1      | Reached skill level 4 in Axes
   457 | D:1      | Reached XP level 3. HP: 11/31 MP: 2/2
   970 | D:2      | Noticed Sigmund
  1019 | D:2      | Killed Sigmund
  1020 | D:2      | Reached skill level 7 in Axes
  1020 | D:2      | Reached XP level 4. HP: 34/39 MP: 3/3
  1020 | D:2      | Reached XP level 5. HP: 39/45 MP: 4/4
  1023 | D:2      | Found a faded altar of an unknown god.
  1033 | D:2      | Prayed at the altar of an unknown god.
  1033 | D:2      | Became a worshipper of Vehumet
  1033 | D:2      | Reached * piety under Vehumet
  1033 | D:2      | Offered knowledge of Freeze by Vehumet.
  1034 | D:2      | Fell from the grace of Vehumet
  1913 | D:3      | Reached XP level 6. HP: 51/51 MP: 5/5
  2408 | D:4      | Mangled by an ogre

Illustrated notes

Levels and vault maps discovered:
D:1:      co_arrival_two_rings, layout_loops_cross, serial_forest,
          infiniplex_forest_diagonal, infiniplex_forest_lined_corner,
          infiniplex_forest_lined_2, infiniplex_forest_end_3,
          wad_floor_pattern_2, minmay_crystal_water
D:2:      layout_basic, dreamdust_ecumenical_altar_statues, uniq_robin,
          uniq_sigmund
D:3:      layout_loops_ring, minmay_pentomino_pile
D:4:      layout_rooms, minmay_temple_entry_statues_pillars,
          amcnicky_altar_lugonu_corruption

Skill      XL: |  1  2  3 |
---------------+----------+-----
Axes           | 3 4 7 |  7.8
Fighting       | |  3.6
Armour         | |  3.6
Shields        | |  3.6

Action                   |  1- 3 |  4- 6 || total
-------------------------+-------+-------++-------
Melee: War axe           |    54 |    55 ||   109
       Headbutt          |     6 |     3 ||     9
Invok: Renounce Religion |       |     1 ||     1
  Use: Potion            |       |     2 ||     2
Armor: Scale mail        |    23 |    25 ||    48
Dodge: Dodged            |    24 |    19 ||    43
Block: Buckler           |    17 |    11 ||    28
